 Dungeon Crawl Stone Soup version 0.17-a0-1831-gaadb308 (webtiles) character file.

20132 kroki the Severer (level 12, -3/101 HPs)
             Began as a Centaur Berserker on Sept 14, 2015.
             Was a High Priest of Trog.
             Slain by an eight-headed hydra (10 damage)
             ... on level 3 of the Lair of Beasts.
             The game lasted 00:22:31 (15544 turns).

kroki the Severer (Centaur Berserker)              Turns: 15544, Time: 00:22:31

Health: -3/101     AC: 14    Str: 20    XL:     12   Next: 42%
Magic:  14/16      EV:  8    Int:  6    God:    Trog [*****.]
Gold:   378        SH:  0    Dex: 25    Spells: 0 memorised, 11 levels left

rFire  . . .     SeeInvis .     F - +6 executioner's axe "Trog's Indignation" {freeze, rN+ Dex+3}
rCold  . . .     Clarity  .     m - +2 scale mail {rPois}
rNeg   + . .     SustAt   .     (no shield)
rPois  +         Gourm    .     g - +1 helmet
rElec  .         Spirit   .     (no cloak)
rCorr  .         Warding  .     x - +1 pair of gloves
rMut   +         Stasis   .     (no barding)
MR     ++...                    P - amulet "Latuarig" {rMut rPois Dex+8 Stlth-}
Stlth  ..........               V - ring of flight {+Fly, !d}
                                i - ring of invisibility {+Inv, !d}

@: about to teleport, very slightly contaminated, regenerating, invisible, very
quick, very resistant to hostile enchantments, extremely unstealthy
A: hooves 3, deformed body, speed 2, tough skin 3
a: Burn Spellbooks, Berserk, Trog's Hand, Brothers in Arms, Renounce Religion,
Turn Visible, Evoke Flight


You were on level 3 of the Lair of Beasts.
You worshipped Trog.
Trog was extremely pleased with you.
You were very hungry.

You visited 3 branches of the dungeon, and saw 14 of its levels.
You also visited: Sewer and Ice Cave.

You collected 918 gold pieces.
You spent 540 gold pieces at shops.

Inventory:

Hand weapons
 r - the +4 war axe of Fate {drain, rF+ Str+4 Dex+5}
   (You found it on level 4 of the Dungeon)

   A truly terrible weapon, it drains the life of those it strikes.
   It affects your strength (+4).
   It affects your dexterity (+5).
   It protects you from fire.
 F - the +6 executioner's axe "Trog's Indignation" (weapon) {freeze, rN+ Dex+3}
   (You bought it in a shop on level 8 of the Dungeon)

   It has been specially enchanted to freeze those struck by it, causing extra
   injury to most foes and up to half again as much damage against particularly
   susceptible opponents.
   It can also slow down cold-blooded creatures.
   It affects your dexterity (+3).
   It protects you from negative energy.
 H - a +3 battleaxe of freezing
   (Trog gifted it to you on level 8 of the Dungeon)
 N - a +0 executioner's axe of freezing
   (Trog gifted it to you on level 10 of the Dungeon)
Missiles
 A - 3 throwing nets {=f, !d}
 Q - 4 curare-tipped needles
Armour
 g - a +1 helmet (worn)
   (You took it off Robin on level 2 of the Dungeon)
 m - a +2 scale mail of poison resistance (worn)
   (You took it off Terence on level 3 of the Dungeon)
 x - a +1 pair of gloves (worn)
   (You found it on level 6 of the Dungeon)
Jewellery
 h - an uncursed ring of fire {rF+, rC-}
   (You found it on level 1 of the Dungeon)
 i - a ring of invisibility (left hand) {+Inv, !d}
   (You found it on level 1 of the Dungeon)
 j - an uncursed ring of teleportation {+/*tele, !d}
   (You found it on level 2 of the Dungeon)
 q - an uncursed ring of poison resistance {rPois, !d}
   (You found it on level 3 of the Dungeon)
 w - an uncursed amulet of stasis {Stasis, !d}
   (You found it on level 5 of the Dungeon)
 O - an uncursed ring of magical power {MP+9}
   (You found it on level 9 of the Dungeon)
 P - the amulet "Latuarig" (around neck) {rMut rPois Dex+8 Stlth-}
   (You found it on level 10 of the Dungeon)

   [amulet of resist mutation]

   It protects you from mutation.
   It affects your dexterity (+8).
   It protects you from poison.
   It makes you less stealthy.
 V - a ring of flight (right hand) {+Fly, !d}
   (You found it in an ice cave)
Magical devices
 t - a wand of lightning (5)
   (You found it on level 4 of the Dungeon)
 D - a wand of slowing (32)
   (You found it on level 8 of the Dungeon)
 I - a wand of teleportation (2)
   (You found it on level 9 of the Dungeon)
 S - a wand of draining (9)
   (You found it on level 1 of the Lair of Beasts)
Scrolls
 b - 9 scrolls of remove curse
 l - 3 scrolls of recharging
 v - a scroll of holy word {!r}
 y - 6 scrolls of teleportation
 K - 2 scrolls of blinking {!r}
 R - a scroll of fog
Potions
 a - a potion of lignification {!q}
 d - 2 potions of magic {unknown}
 e - 3 potions of heal wounds
 f - 2 potions of might {unknown}
 n - 9 potions of curing
 o - a potion of haste
 p - 2 potions of flight
 u - 6 potions of brilliance {unknown}
 z - 2 potions of agility
 E - a potion of resistance {unknown}
 G - a potion of ambrosia {unknown}
Books
 k - a book of Cantrips
   (You found it on level 10 of the Dungeon)
Miscellaneous
 C - a box of beasts {used: 9}
   (You found it on level 6 of the Dungeon)
 T - a plain deck of summoning
   (You found it in an ice cave)
Comestibles
 c - 4 bread rations {@e1}
 s - 3 meat rations {@e2}
 B - 5 slices of pizza
 J - 12 fruits
 L - 11 chunks of flesh {@w0}


   Skills:
 - Level 8.0 Fighting
 + Level 15.1 Axes
 - Level 5.5 Armour
 - Level 1.3 Dodging
 - Level 5.8 Evocations


You had 11 spell levels left.
You didn't know any spells.

Dungeon Overview and Level Annotations

Branches:
Dungeon (10/15)            Temple (1/1) D:7            Lair (3/8) D:9
  Snake (0/4) Lair:3          Orc (0/4) D:10
  Swamp: Lair:3-6    Shoals: Lair:3-6

Altars:
Cheibriados
Dithmenos
Elyvilon
Fedhas
Kikubaaqudgha
Makhleb
Nemelex Xobeh
Qazlal
Ru
Trog
Vehumet
Xom
Yredelemnul
The Shining One

Shops:
D:8 ([=:   D:10 (


Innate Abilities, Weirdness & Mutations

You have hooves in place of feet.
Armour fits poorly on your strangely shaped body.
You cover ground very quickly.
You have extremely tough skin (AC +3).


Message History

The worker ant bites you but does no damage. x2
You take 2 damage, and have 66/101 hp.
You slice the worker ant!! You freeze the worker ant.
You kill the worker ant!
Trog accepts your kill.
You hit the worker ant. You freeze the worker ant.
You kill the worker ant!
Trog accepts your kill.
The spiny frog stings something!
The worker ant bites you.
The worker ant bites something but does no damage.
You take 1 damage, and have 65/101 hp.
The hippogriff bites you but does no damage.
The hippogriff barely misses you. The hippogriff closely misses you.
The worker ant waves its antennae.
The worker ant bites something but does no damage.
The worker ant bites something.
Your skin crawls.
You feel resistant to hostile enchantments.
You feel slightly more hungry.
The worker ant bites something but does no damage. x2
The worker ant bites you but does no damage.
You closely miss the worker ant. The worker ant completely misses you.
The worker ant bites something!
The worker ant bites something but does no damage. x2
You regained 2 hp, and now have 69/101 hp.
You slice the worker ant!! You freeze the worker ant.
You kill the worker ant!
Trog accepts your kill.
The worker ant bites something but does no damage.
The worker ant bites something.
The spiny frog stings you but does no damage.
The worker ant bites something but does no damage. x2
You completely miss the spiny frog.
You kick the spiny frog, but do no damage.
The spiny frog stings you but does no damage.
You regained 2 hp, and now have 72/101 hp.
You closely miss the spiny frog. Your kick misses the spiny frog.
The spiny frog barely misses you. The spiny frog stings you!
You take 8 damage, and have 64/101 hp.
You slice the spiny frog!! You freeze the spiny frog!
You kill the spiny frog!
Trog accepts your kill.
You regained 2 hp, and now have 66/101 hp.
You slice the worker ant!! You freeze the worker ant.
You kill the worker ant!
Trog accepts your kill.
The worker ant waves its antennae.
The worker ant completely misses you.
You regained 2 hp, and now have 68/101 hp.
You barely miss the worker ant. You kick the worker ant.
The worker ant barely misses you.
The worker ant waves its antennae. x2
You closely miss the worker ant. Your kick misses the worker ant.
You hear the urgent ticking of a distant clock.
The worker ant barely misses you.
You regained 2 hp, and now have 71/101 hp.
You slash the worker ant! You freeze the worker ant.
You kill the worker ant!
Trog accepts your kill. The worker ant bites you.
A worker ant comes into view.
You take 5 damage, and have 66/101 hp.
You slice the worker ant!! You freeze the worker ant.
You kill the worker ant!
Trog accepts your kill.
You regained 2 hp, and now have 68/101 hp.
You fail to use your ability.
You fail to use your ability.
The eight-headed hydra bites you but does no damage. x3
The eight-headed hydra bites you!
The eight-headed hydra barely misses you.
The eight-headed hydra bites you. x2
The eight-headed hydra barely misses you.
You take 22 damage, and have 47/101 hp.
MASSIVE DAMAGE!!
You fade into invisibility!
You are very lightly contaminated with residual magic.
You are feeling very hungry.
The eight-headed hydra bites you!
The eight-headed hydra barely misses you. x4
The eight-headed hydra bites you!
* * * LOW HITPOINT WARNING * * *
The eight-headed hydra bites you but does no damage.
The eight-headed hydra bites you!
* * * LOW HITPOINT WARNING * * *
The worker ant barely misses you.
You take 30 damage, and have 17/101 hp.
MASSIVE DAMAGE!!
You now have 14/16 mp.
The worker ant bites you but does no damage.
Read which item? (? for menu, Esc to quit)
As you read the scroll of teleportation, it crumbles to dust.
You feel strangely unstable.
The eight-headed hydra bites you but does no damage.
The eight-headed hydra bites you.
* * * LOW HITPOINT WARNING * * *
The eight-headed hydra bites you!
* * * LOW HITPOINT WARNING * * *
The eight-headed hydra bites you!
You die...

# .a....a..
##..aa.........
...#.....
..a.......##.#P#
.....#......!..#
# ...#...##aal##
..#.#P


#PYa# #.### ##a.# ##.P# #..a# #....###Ha## #....@aa### ...####.D## #### You
could see an eight-headed hydra, a hippogriff and 4 worker ants.

Vanquished Creatures
  A hydra (Lair:2)
  3 ice statues (IceCv)
  5 elephants
  3 spiny frogs
  4 komodo dragons
  The ghost of kae the Carver, an average HEFi of Qazlal (D:3)
  A wraith (D:10)
  Sigmund (D:5)
  14 yaks
  5 wolves (Lair:2)
  3 hippogriffs
  A basilisk (Lair:2)
  Menkaure (D:5)
  A steam dragon (Lair:2)
  8 water moccasins
  2 porcupines
  A sky beast (D:5)
  A necrophage (D:9)
  A black bear (D:9)
  2 ogres
  14 ice beasts
  3 centaurs (D:7)
  7 orc warriors
  8 crocodiles
  7 giant frogs
  4 big kobolds
  A gnoll sergeant (D:6)
  4 scorpions
  An oklob sapling (D:7)
  4 wights (D:10)
  13 killer bees
  3 crimson imps
  2 giant frog zombies (D:10)
  6 hounds
  A gnoll shaman (D:6)
  4 orc priests
  6 orc wizards
  A giant frog skeleton (D:9)
  Jessica (D:3)
  Terence (D:3)
  7 iguanas
  17 worker ants
  11 sheep
  3 hound skeletons
  2 worker ant zombies
  Robin (D:2)
  8 adders
  54 gnolls
  18 river rats
  2 shadow imps (D:7)
  An ooze (D:3)
  A worm (D:3)
  2 adder skeletons
  31 orcs
  6 bats
  5 giant cockroaches
  11 goblins
  10 hobgoblins
  20 jackals
  15 kobolds
  4 quokkas
  3 ball pythons
  5 giant geckos
  A giant gecko skeleton (D:4)
  6 giant newts
  4 rats
  6 plants (D:7)
404 creatures vanquished.

Vanquished Creatures (collateral kills)
  The ghost of asdu the Severer, a powerful HOBe of Trog (Lair:3)
  5 death yaks (Lair:3)
  A crocodile (Lair:3)
  A giant frog (Lair:3)
  4 worker ants (Lair:3)
12 creatures vanquished.

Vanquished Creatures (others)
  3 fungi
  A plant (Lair:3)
4 creatures vanquished.

Grand Total: 420 creatures vanquished

Notes
Turn   | Place    | Note
--------------------------------------------------------------
     0 | D:1      | kroki the Centaur Berserker began the quest for the Orb.
     0 | D:1      | Reached XP level 1. HP: 19/19 MP: 1/1
   130 | D:1      | Reached skill level 3 in Axes
   272 | D:1      | Reached XP level 2. HP: 24/26 MP: 2/2
  1065 | D:2      | Reached XP level 3. HP: 27/31 MP: 3/3
  1161 | D:2      | Found a shimmering altar of Xom.
  1167 | D:2      | Found a shimmering altar of Xom.
  1202 | D:2      | Found a shimmering altar of Xom.
  1209 | D:2      | Found a white marble altar of Elyvilon.
  1220 | D:2      | Noticed Robin
  1227 | D:2      | Reached skill level 4 in Axes
  1227 | D:2      | Acquired Trog's second power
  1233 | D:2      | Killed Robin
  1372 | D:2      | Reached XP level 4. HP: 38/38 MP: 4/4
  1581 | D:2      | Found a shadowy altar of Dithmenos.
  1705 | D:3      | Noticed an ogre
  1714 | D:3      | HP: 6/57 [ogre/giant club (12)]
  1717 | D:3      | Killed an ogre
  1717 | D:3      | Reached skill level 5 in Axes
  1717 | D:3      | Reached skill level 2 in Evocations
  1717 | D:3      | Reached XP level 5. HP: 7/45 MP: 2/6
  1972 | D:3      | Found a snail-covered altar of Cheibriados.
  1977 | D:3      | Noticed Terence
  2004 | D:3      | Killed Terence
  2115 | D:3      | Noticed Jessica
  2121 | D:3      | Killed Jessica
  2483 | D:3      | Reached XP level 6. HP: 49/51 MP: 6/8
  2560 | D:3      | Noticed kae's ghost (average HEFi)
  2569 | D:3      | Killed kae's ghost
  2569 | D:3      | Reached skill level 3 in Evocations
  3099 | D:4      | Got an iridescent war axe
  3100 | D:4      | Identified the +4 war axe of Fate {drain, rF+ Str+4 Dex+5} (You found it on level 4 of the Dungeon)
  3105 | D:4      | Reached skill level 4 in Evocations
  3137 | D:4      | Found a basalt altar of Yredelemnul.
  3220 | D:4      | Reached XP level 7. HP: 49/57 MP: 10/10
  3258 | D:4      | Found a glowing golden altar of the Shining One.
  3325 | D:4      | Reached skill level 6 in Axes
  3596 | D:5      | Entered Level 5 of the Dungeon
  3603 | D:5      | Noticed Sigmund
  3618 | D:5      | Killed Sigmund
  3618 | D:5      | Reached skill level 5 in Evocations
  3755 | D:5      | Found a glowing drain.
  3763 | Sewer    | Entered a sewer
  3893 | Sewer    | Reached XP level 8. HP: 59/63 MP: 12/12
  3934 | Sewer    | Found a white marble altar of Elyvilon.
  4230 | D:5      | Got a spiked ring mail
  4241 | D:5      | Identified the cursed +0 ring mail of the Evening {-Cast Dex+5} (You found it on level 5 of the Dungeon)
  4392 | D:5      | Noticed Menkaure
  4399 | D:5      | Killed Menkaure
  4648 | D:5      | Reached skill level 7 in Axes
  4701 | D:5      | Reached skill level 2 in Armour
  5023 | D:6      | Found a sparkling altar of Nemelex Xobeh.
  5088 | D:6      | Found a blossoming altar of Fedhas.
  5088 | D:6      | Found an ancient bone altar of Kikubaaqudgha.
  5160 | D:6      | Found a burning altar of Makhleb.
  5226 | D:6      | Reached skill level 4 in Fighting
  5542 | D:6      | Acquired Trog's third power
  5560 | D:6      | HP: 13/67 [gnoll/halberd (5)]
  5561 | D:6      | HP: 6/67 [gnoll/halberd (7)]
  5564 | D:6      | HP: 1/100 [gnoll/halberd (9)]
  5928 | D:6      | Reached skill level 3 in Armour
  6053 | D:6      | Reached skill level 8 in Axes
  6054 | D:6      | Reached XP level 9. HP: 60/72 MP: 13/13
  6893 | D:6      | Reached skill level 5 in Fighting
  7115 | D:7      | Found a staircase to the Ecumenical Temple.
  7395 | D:7      | Reached skill level 9 in Axes
  7522 | D:7      | Found a sacrificial altar of Ru.
  7856 | Temple   | Entered the Ecumenical Temple
  7937 | D:8      | Found Ocelea's Jewellery Emporium.
  7974 | D:8      | Found Jumuv's Book Emporium.
  7980 | D:8      | Reached skill level 4 in Armour
  8004 | D:8      | Found a radiant altar of Vehumet.
  8403 | D:8      | Found Qudye's Antique Armour Shop.
  8447 | D:8      | Found Abbahe's Antique Weapon Shop.
  8507 | D:8      | Reached skill level 6 in Fighting
  8640 | D:8      | Received a gift from Trog
  8704 | D:8      | Reached XP level 10. HP: 48/84 MP: 14/14
  8884 | D:8      | Noticed a three-headed hydra
  9202 | D:9      | Found a staircase to the Lair.
  9202 | D:9      | Noticed an elephant
  9212 | D:9      | Killed an elephant
  9212 | D:9      | Reached skill level 10 in Axes
  9313 | D:9      | Found a bloodstained altar of Trog.
  9437 | D:9      | Found a bloodstained altar of Trog.
  9465 | D:9      | Reached skill level 7 in Fighting
  9671 | D:9      | Reached skill level 5 in Armour
 10136 | D:10     | Entered Level 10 of the Dungeon
 10377 | D:10     | Found a staircase to the Orcish Mines.
 10384 | D:10     | Found Kutsorch's Weapon Emporium.
 10398 | D:10     | Got a clouded copper amulet
 10399 | D:10     | Identified the amulet "Latuarig" {rMut rPois Dex+8 Stlth-} (You found it on level 10 of the Dungeon)
 10490 | D:10     | Reached skill level 11 in Axes
 10796 | D:10     | Reached skill level 8 in Fighting
 10990 | D:10     | Received a gift from Trog
 11060 | D:10     | Got an ichor-stained robe
 11132 | D:10     | Found a sacrificial altar of Ru.
 11399 | D:8      | Bought a steaming executioner's axe for 540 gold pieces
 11399 | D:8      | Identified the +6 executioner's axe "Trog's Indignation" {freeze, rN+ Dex+3} (You bought it in a shop on level 8 of the Dungeon)
 11490 | Lair:1   | Entered Level 1 of the Lair of Beasts
 11504 | Lair:1   | Reached XP level 11. HP: 69/93 MP: 15/15
 11713 | Lair:1   | Noticed an elephant
 11713 | Lair:1   | Noticed an elephant
 11716 | Lair:1   | Noticed an elephant
 11717 | Lair:1   | Noticed an elephant
 11721 | Lair:1   | Killed an elephant
 11730 | Lair:1   | Killed an elephant
 11732 | Lair:1   | Killed an elephant
 11735 | Lair:1   | Killed an elephant
 12046 | Lair:1   | Reached skill level 12 in Axes
 12669 | Lair:2   | Noticed a five-headed hydra
 12895 | Lair:2   | HP: 18/93 [wolf (6)]
 12900 | Lair:2   | HP: 19/139 [giant frog (5)]
 12945 | Lair:2   | Found a frozen archway.
 12960 | Lair:2   | Reached skill level 13 in Axes
 12969 | Lair:2   | HP: 20/93 [ice beast (8)]
 12974 | Lair:2   | HP: 19/93 [ice beast (3)]
 13218 | IceCv    | Entered an ice cave
 13417 | IceCv    | Noticed an ice statue
 13417 | IceCv    | Noticed an ice statue
 13428 | IceCv    | Noticed an ice statue
 13436 | IceCv    | Killed an ice statue
 13678 | IceCv    | Killed an ice statue
 13678 | IceCv    | HP: 23/141 [something (19)]
 13852 | IceCv    | Killed an ice statue
 14002 | IceCv    | Gained mutation: You are weak. (Str -2) [potion of mutation]
 14002 | IceCv    | Gained mutation: You are frail (-10% HP). [potion of mutation]
 14002 | IceCv    | Gained mutation: You have an increased reservoir of magic (+10% MP). [potion of mutation]
 14003 | IceCv    | Lost mutation: You have an increased reservoir of magic (+10% MP). [potion of cure mutation]
 14003 | IceCv    | Lost mutation: You are weak. (Str -2) [potion of cure mutation]
 14003 | IceCv    | Lost mutation: You are frail (-10% HP). [potion of cure mutation]
 14279 | Lair:2   | Reached skill level 14 in Axes
 14279 | Lair:2   | Reached XP level 12. HP: 101/101 MP: 13/16
 14281 | Lair:2   | Killed an eight-headed hydra
 14565 | Lair:2   | HP: 19/101 [komodo dragon (18)]
 15288 | Lair:3   | Noticed asdu's ghost (powerful HOBe)
 15310 | Lair:3   | Received a gift from Trog
 15391 | Lair:3   | Killed asdu's ghost
 15428 | Lair:3   | Reached skill level 15 in Axes
 15459 | Lair:3   | Found a staircase to the Snake Pit.
 15472 | Lair:3   | Noticed a seven-headed hydra
 15541 | Lair:3   | HP: 17/101 [eight-headed hydra (11)]
 15544 | Lair:3   | HP: 7/101 [eight-headed hydra (11)]
 15544 | Lair:3   | Slain by an eight-headed hydra

Vault maps used:
D:1:      mainiacjoe_arrival_reflecting_pool
D:2:      xom_redecorated, elyvilon_altar_5, grunt_dithmenos_smoke, first_bread,
          uniq_robin
D:3:      cheibriados_altar_1, uniq_jessica, uniq_terence
D:4:      yredelemnul_altar_generic, kennysheep_mini, hangedman_glass_teeth
D:5:      gup_sewer_entry_bubbles, uniq_sigmund, uniq_menkaure
D:6:      lemuel_castle_with_subvaults, grunt_temple_overflow_growth_and_decay,
          nicolae_overflow_hidden_temple, makhleb_heckhound_becter
D:7:      kennysheep_mini_moat, minmay_temple_entry_oklob
D:8:      lemuel_round_altar, serial_shops,
          nicolae_shop_competitors_out_of_business, shop, shop,
          kennysheep_little_box, hangedman_ranch
D:9:      old_standard_altar, david_lair_generic, trog_butcher_becter
D:10:     orc_david_3, basic_altar
Temple:   nicolae_temple_hex_pool
Lair:2:   portal_ice_cave_entry_ice_beasts, grunt_megastairs_4
Lair:3:   guppyfry_snake_entry_garden, lab_entry_generic, zaba_anthell
Sewer:    sewer_kobolds
IceCv:    ice_cave_statue_garden_02

Action                   |  1- 3 |  4- 6 |  7- 9 | 10-12 || total
-------------------------+-------+-------+-------+-------++-------
Melee: Hand axe          |    76 |   128 |       |       ||   204
       War axe           |       |    15 |   386 |   197 ||   598
       Executioner's axe |       |       |       |   245 ||   245
Invok: Berserk           |     1 |     3 |     2 |     7 ||    13
       Trog's Hand       |       |       |     1 |     5 ||     6
       Burn Spellbooks   |       |       |     1 |     2 ||     3
 Abil: Evoke Invisibilit |       |     3 |     1 |     8 ||    12
Evoke: Box of beasts     |       |       |       |     9 ||     9
  Use: Scroll            |     4 |     4 |     9 |    10 ||    27
       Potion            |       |       |       |     4 ||     4
 Stab: Invisible         |       |     1 |    10 |    33 ||    44
  Eat: Chunk             |     1 |     2 |    14 |    24 ||    41
       Bread ration      |       |     2 |       |       ||     2
       Royal jelly       |       |       |     1 |     1 ||     2
       Pizza             |       |       |       |     3 ||     3

Vault maps used:
D:1:      mainiacjoe_arrival_reflecting_pool
D:2:      xom_redecorated, elyvilon_altar_5, grunt_dithmenos_smoke, first_bread,
          uniq_robin
D:3:      cheibriados_altar_1, uniq_jessica, uniq_terence
D:4:      yredelemnul_altar_generic, kennysheep_mini, hangedman_glass_teeth
D:5:      gup_sewer_entry_bubbles, uniq_sigmund, uniq_menkaure
D:6:      lemuel_castle_with_subvaults, grunt_temple_overflow_growth_and_decay,
          nicolae_overflow_hidden_temple, makhleb_heckhound_becter
D:7:      kennysheep_mini_moat, minmay_temple_entry_oklob
D:8:      lemuel_round_altar, serial_shops,
          nicolae_shop_competitors_out_of_business, shop, shop,
          kennysheep_little_box, hangedman_ranch
D:9:      old_standard_altar, david_lair_generic, trog_butcher_becter
D:10:     orc_david_3, basic_altar
Temple:   nicolae_temple_hex_pool
Lair:2:   portal_ice_cave_entry_ice_beasts, grunt_megastairs_4
Lair:3:   guppyfry_snake_entry_garden, lab_entry_generic, zaba_anthell
Sewer:    sewer_kobolds
IceCv:    ice_cave_statue_garden_02

Table legend:
 A = Turns spent in this place as a percentage of turns spent in the entire game.
 B = Non-inter-level travel turns spent in this place as a percentage of non-inter-level travel turns spent in the entire game.
 C = Inter-level travel turns spent in this place as a percentage of turns spent in this place.
 D = Turns resting spent in this place as a percentage of non-inter-level travel turns spent in this place.
 E = Turns spent auto-exploring this place as a percentage of non-inter-level travel turns spent in this place.
 F = Non-inter-level travel turns spent in this place divided by the number of levels of this place that you've seen.
                   A       B       C       D       E      F
               +-------+-------+-------+-------+-------+----------------------
         Total | 100.0 | 100.0 |   0.3 |   3.2 |   7.1 | 334.6
       Dungeon |  73.5 |  73.4 |   0.4 |   2.9 |   8.1 | 393.1
        Temple |   0.0 |   0.0 |   0.0 |   0.0 |   0.0 |   2.0
          Lair |  21.2 |  21.2 |   0.2 |   3.1 |   4.0 | 378.7
         Sewer |   1.9 |   1.9 |   0.0 |   2.0 |   7.9 | 101.0
      Ice Cave |   3.4 |   3.4 |   0.0 |  12.0 |   4.4 | 183.0
               +-------+-------+-------+-------+-------+----------------------

Table legend:
 A = Kills in this place as a percentage of kills in entire the game.
 B = Kills by you in this place as a percentage of kills by you in the entire game.
 C = Kills by friends in this place as a percentage of kills by friends in the entire game.
 D = Other kills in this place as a percentage of other kills in the entire game.
 E = Experience gained in this place as a percentage of experience gained in the entire game.
 F = Experience gained in this place divided by the number of levels of this place that you have seen.
                   A       B       C       D       E      F
               +-------+-------+-------+-------+-------+----------------------
         Total | 100.0 | 100.0 | 100.0 |  -nan | 100.0 | 1797.6
       Dungeon |  72.2 |  74.4 |   0.0 |  -nan |  36.7 | 1054.4
          Lair |  23.4 |  21.1 | 100.0 |  -nan |  53.0 | 5081.3
         Sewer |   2.2 |   2.3 |   0.0 |  -nan |   0.4 | 122.0
      Ice Cave |   2.2 |   2.3 |   0.0 |  -nan |   9.9 | 2851.0
               +-------+-------+-------+-------+-------+----------------------
